 Dungeon Crawl Stone Soup version 0.25-a0-651-g8c222c7a2b (webtiles) character file.

Game seed: 17268969402861796838, levelgen mode: deterministic

51391 Findor the Basher (level 14, -6/88 HPs)
             Began as a Gargoyle Fighter on Mar 22, 2020.
             Was the Champion of the Shining One.
             Splashed by Nessos's acid (10 damage)
             ... on level 12 of the Dungeon.
             The game lasted 00:35:18 (19075 turns).

Findor the Basher (Gargoyle Fighter)               Turns: 19075, Time: 00:35:18

Health: -6/88      AC: 19    Str: 27    XL:     14   Next: 59%
Magic:  0/19       EV:  8    Int:  9    God:    the Shining One [******]
Gold:   600        SH: 15    Dex: 11    Spells: 13/13 levels left

rFire    . . .     SeeInvis .   b - +1 morningstar (flame)
rCold    . . .     Gourm    .   c - +1 kite shield
rNeg     + + +     Faith    +   M - +4 chain mail
rPois    ∞         Spirit   +   z - +0 helmet
rElec    +         Reflect  .   e - scarf {Spirit}
rCorr    .         Harm     .   B - +1 pair of gloves
MR       +....                  h - +0 pair of boots
Stlth    ..........             o - amulet of faith {!P}
HPRegen  0.24/turn              w - +2 ring of dexterity
MPRegen  0.16/turn              s - +2 ring of strength

@: about to teleport, corroded, flying, glowing
A: big wings, negative energy resistance 1, electricity resistance, unbreathing,
petrification resistance, rot immunity, AC +10
a: Stop Flying, Divine Shield, Cleansing Flame, Summon Divine Warrior, Brand
Weapon With Holy Wrath, Renounce Religion


You were on level 12 of the Dungeon.
You worshipped the Shining One.
The Shining One was exalted by your worship.
You were full.

You visited 3 branches of the dungeon, and saw 19 of its levels.
You also visited: Ice Cave.

You collected 1162 gold pieces.
You spent 562 gold pieces at shops.


Innate Abilities, Weirdness & Mutations

You are resistant to torment.
Your stone body is resilient. (AC +10)
You are immune to poison.
Your large and strong wings let you fly indefinitely.
You resist negative energy. (rN+)
You are resistant to electric shocks. (rElec)
You can survive without breathing.
You are immune to petrification.
You are immune to rotting.


   Skills:
 + Level 10.7 Fighting
 - Level 14.9 Maces & Flails
 + Level 10.7 Armour
 + Level 14.5 Shields
 + Level 7.5 Invocations


You had 13 spell levels left.
You didn't know any spells.
Your spell library contained the following spells:

 Spells                   Type           Power        Failure   Level  Hunger
 Beastly Appendage        Tmut           #.....       88%         1    ##.....
 Corona                   Hex            #......      88%         1    ##.....
 Magic Dart               Conj           #...         88%         1    ##.....
 Sting                    Tmut/Pois      #...         88%         1    ##.....
 Summon Butterflies       Summ           #.......     88%         1    ##.....
 Searing Ray              Conj           #.....       96%         2    ###....
 Slow                     Hex            #.......     96%         2    ###....
 Sticks to Snakes         Tmut           #.......     96%         2    ###....
 Call Canine Familiar     Summ           #.......     99%         3    ####...
 Dazzling Flash           Conj/Hex       #.....       99%         3    ####...
 Inner Flame              Hex/Fire       #.......     99%         3    ####...
 Portal Projectile        Hex/Tloc       #.....       99%         3    ####...
 Spider Form              Tmut/Pois      #.........   99%         3    ####...
 Cause Fear               Hex            #.........   100%        4    #####..
 Fulminant Prism          Conj/Hex       #.........   100%        4    #####..
 Ice Form                 Ice/Tmut       #.......     100%        4    #####..
 Iskenderun's Mystic Bla  Conj/Tloc      #.......     100%        4    #####..
 Leda's Liquefaction      Hex/Erth       #.........   100%        4    #####..
 Summon Lightning Spire   Summ/Air       #.......     100%        4    #####..
 Blade Hands              Tmut           #.........   100%        5    ######.

Inventory:

Hand Weapons
 a - a +4 flail of protection
   (You took it off Edmund on level 5 of the Dungeon)
 b - a +1 morningstar of flaming (weapon)
   (You took it off an orc on level 8 of the Dungeon)
Missiles
 j - 7 silver boomerangs (quivered)
 Q - 6 silver javelins
Armour
 c - a +1 kite shield (worn)
 e - a scarf of spirit shield (worn)
   (You found it on level 4 of the Dungeon)
 g - a +0 cloak of poison resistance
   (You took it off Crazy Yiuf on level 2 of the Dungeon)
 h - a +0 pair of boots (worn)
   (You found it on level 1 of the Dungeon)
 z - a +0 helmet (worn)
   (You found it on level 10 of the Dungeon)
 B - a +1 pair of gloves (worn)
   (You found it on level 10 of the Dungeon)
 M - a +4 chain mail (worn)
   (You found it on level 4 of the Dungeon)
Jewellery
 o - an amulet of faith (around neck) {!P}
   (You found it on level 1 of the Dungeon)
 s - a +2 ring of strength (right hand)
   (You found it on level 4 of the Dungeon)
 w - a +2 ring of dexterity (left hand)
   (You found it on level 3 of the Dungeon)
 L - a +4 amulet of reflection
   (You found it on level 1 of the Lair of Beasts)
Wands
 d - a wand of iceblast (11)
   (You found it on level 4 of the Lair of Beasts)
 v - a wand of digging (8)
   (You found it on level 5 of the Lair of Beasts)
 x - a wand of acid (10)
   (You found it on level 6 of the Lair of Beasts)
Scrolls
 m - 8 scrolls of teleportation {@r4}
 n - 3 scrolls of amnesia
 q - 2 scrolls of immolation {!r}
 y - 2 scrolls of blinking
 D - 14 scrolls of identify {@r1}
 H - a scroll of magic mapping
 I - 7 scrolls of enchant weapon
 J - 2 scrolls of fog
 K - a scroll of enchant armour
 O - 9 scrolls of remove curse {@r2}
Potions
 k - 2 potions of lignification {!q}
 l - a potion of flight
 p - a potion of resistance
 r - 11 potions of curing {@q1}
 C - 3 potions of haste {@q3}
 F - 4 potions of cancellation
 G - a potion of ambrosia
 N - 3 potions of stabbing
 P - a potion of mutation {!q}
Miscellaneous
 i - a lightning rod (4/4) {!a}
   (You found it on level 2 of the Lair of Beasts)
Comestibles
 f - 29 rations
 t - 7 chunks of flesh


Message History

Nessos zaps a wand.
The bolt of acid hits you. The acid corrodes you!
You are splashed with acid!
An orc wizard comes into view. It is wielding a +0 dagger.
The deep elf mage casts a spell at you. The shard of ice hits you.
Nessos blinks!
There is an open door here.
An orc comes into view. It is wielding a +0 club.
The orc shouts!
The orc wizard gestures at you while chanting.
The magic dart hits you!
There's a creature in the doorway!
You hit the orc. You burn the orc. You hit the orc. You burn the orc.
You kill the orc!
The orc wizard gestures at you while chanting.
You block the puff of flame.
You puncture the deep elf mage! You burn the deep elf mage.
The deep elf mage closely misses you.
You puncture the deep elf mage! You burn the deep elf mage.
You kill the deep elf mage!
You reach down and close the door, pushing everything out of the way.
You block the orc's attack.
You sock the orc! You burn the orc.
You kill the orc!
The orc hits you but does no damage.
You hit the orc but do no damage.
Nessos zaps a wand.
The bolt of acid misses the orc wizard.
The bolt of acid hits you. The acid corrodes you!
You are splashed with acid!
* * * LOW HITPOINT WARNING * * *
Okay, then.
As you read the scroll of teleportation {@r4}, it crumbles to dust.
You feel strangely unstable.
Nessos mumbles some strange words.
Nessos seems to speed up.
You closely miss the orc wizard.
Nessos zaps a wand.
The bolt of acid hits the orc wizard.
The orc wizard is splashed with acid.
The bolt of acid hits you!
* * * LOW HITPOINT WARNING * * *
The acid corrodes you!
You are splashed with acid!
* * * LOW HITPOINT WARNING * * *
The orc wizard hits you but does no damage.
Nessos zaps a wand.
The bolt of acid hits the orc wizard!
The orc wizard is splashed with acid.
The orc wizard dies!
The bolt of acid hits you!!
* * * LOW HITPOINT WARNING * * *
You are splashed with acid!
You die...

...... #..#........ .
#......c.... .#'#
........c.. #.'.
.......#'####.#
####....o#......#
...#.....#))o...#
...'...).#.@....#
#...c.+[.....# ..
####.....#).....#####..
..^......#####...........
.............#...........#
...#.######e.#..(........#
.. #. #..#...........#
##### #..#...........#
..... #..#...........#


You could see Nessos and an orc.

Vanquished Creatures
  Jorgrun (D:12)
  Josephine (Lair:6)
  6 hydras
  Erolcha (D:10)
  A two-headed ogre (D:12)
  4 death yaks
  Nergalle (Lair:4)
  4 ugly things
  A deep elf mage (D:12)
  An oklob plant (Lair:4)
  A cyclops (D:9)
  A manticore (Lair:4)
  A black mamba (Lair:2)
  2 centaur zombies
  2 ice statues (IceCv)
  22 spiny frogs
  A torpor snail (Lair:6)
  2 rime drakes
  10 komodo dragons
  A jumping spider (Lair:3)
  A polar bear (Lair:5)
  3 tyrant leeches (Lair:6)
  6 dream sheep
  22 blink frogs
  5 hippogriffs
  Sigmund (D:4)
  3 redbacks (Lair:3)
  5 wraiths
  2 wyverns
  Grum (D:8)
  A basilisk (Lair:1)
  24 yaks
  2 hungry ghosts
  6 vampire mosquitoes (Lair:6)
  Edmund (D:5)
  13 water moccasins
  Duvessa (D:5)
  4 orc warriors
  17 porcupines
  6 ice beasts (IceCv)
  5 sky beasts
  3 black bears
  A phantom (D:11)
  8 centaurs
  7 ogres
  2 wolves (D:8)
  9 crocodiles
  6 big kobolds
  24 bullfrogs
  Blork the orc (D:4)
  A water moccasin skeleton (D:4)
  11 killer bees
  Dowan (D:5)
  4 scorpions
  6 wights
  3 howler monkeys (D:8)
  2 electric eels (Lair:6)
  A bullfrog zombie (D:10)
  2 crimson imps
  5 hounds
  4 jellies
  Crazy Yiuf (D:2)
  4 centaur skeletons
  7 orc priests
  Jessica (D:2)
  Natasha (thrice) (D:2)
  An iguana (D:7)
  19 orc wizards
  7 hell rats (Lair:2)
  3 worker ants
  A worker ant zombie (D:11)
  8 adders
  2 shadow imps
  6 oozes (D:3)
  An adder skeleton (D:7)
  An adder zombie (D:5)
  A worm (D:2)
  4 dart slugs
  6 leopard geckos
  61 orcs
  9 bats
  4 giant cockroaches
  5 goblins
  8 hobgoblins
  14 jackals
  4 quokkas
  A ball python (D:3)
  12 frilled lizards
  A jackal zombie (D:5)
  27 kobolds
  A leopard gecko skeleton (D:5)
  7 rats
524 creatures vanquished.

Vanquished Creatures (others)
  An orc wizard (D:12)
  17 fungi
  31 plants
  7 toadstools (D:3)
56 creatures vanquished.

Grand Total: 580 creatures vanquished

Notes
Turn   | Place    | Note
-------+----------+-------------------------------------------
     0 | D:1      | Findor the Gargoyle Fighter began the quest for the Orb.
     0 | D:1      | Reached XP level 1. HP: 14/14 MP: 1/1
   203 | D:1      | Reached XP level 2. HP: 18/19 MP: 2/2
   381 | D:1      | Reached skill level 3 in Maces & Flails
   532 | D:1      | Reached XP level 3. HP: 19/23 MP: 3/3
  1221 | D:2      | Reached XP level 4. HP: 28/28 MP: 4/4
  1346 | D:2      | Found a shadowy altar of Dithmenos.
  1420 | D:2      | Noticed Jessica
  1426 | D:2      | Killed Jessica
  1473 | D:2      | Noticed Natasha
  1484 | D:2      | Killed Natasha
  1484 | D:2      | Reached XP level 5. HP: 23/32 MP: 5/5
  1647 | D:2      | Found a runed translucent door.
  1648 | D:2      | Noticed Crazy Yiuf
  1864 | D:2      | Killed Crazy Yiuf
  2127 | D:2      | Noticed Natasha
  2129 | D:2      | Found a shadowy altar of Dithmenos.
  2132 | D:2      | Killed Natasha
  2562 | D:2      | Noticed Natasha
  2565 | D:2      | Killed Natasha
  2644 | D:3      | Reached skill level 6 in Maces & Flails
  2776 | D:3      | Reached XP level 6. HP: 37/37 MP: 6/6
  3656 | D:4      | Noticed Sigmund
  3674 | D:4      | Killed Sigmund
  3674 | D:4      | Reached XP level 7. HP: 30/41 MP: 7/7
  4645 | D:4      | Noticed Blork the orc
  4659 | D:4      | Killed Blork the orc
  4659 | D:4      | Reached XP level 8. HP: 35/46 MP: 5/8
  4735 | D:4      | Found a shimmering blue altar of Sif Muna.
  5055 | D:5      | Entered Level 5 of the Dungeon
  5055 | D:5      | Noticed Edmund
  5080 | D:5      | Killed Edmund
  5374 | D:5      | Noticed Dowan
  5389 | D:5      | Killed Dowan
  5389 | D:5      | Reached skill level 9 in Maces & Flails
  5451 | D:5      | Noticed Duvessa
  5471 | D:5      | Killed Duvessa
  5522 | D:5      | Found a sacrificial altar of Ru.
  6119 | D:6      | Found a shimmering altar of Xom.
  6119 | D:6      | Found a shimmering altar of Xom.
  6119 | D:6      | Found a shimmering altar of Xom.
  6120 | D:6      | Found a shimmering altar of Xom.
  6120 | D:6      | Found a shimmering altar of Xom.
  6121 | D:6      | Found a shimmering altar of Xom.
  6122 | D:6      | Found a shimmering altar of Xom.
  6149 | D:6      | Reached skill level 6 in Shields
  6541 | D:7      | Found a staircase to the Ecumenical Temple.
  6583 | Temple   | Entered the Ecumenical Temple
  6753 | Temple   | Became a worshipper of the Shining One
  6783 | D:7      | Got a brightly glowing buckler
  6831 | D:7      | Reached XP level 9. HP: 51/51 MP: 9/9
  6897 | D:7      | Found an iron altar of Okawaru.
  7621 | D:8      | Identified the +1 buckler of Inwiteuw {rPois} (You found it
                  | on level 7 of the Dungeon)
  8060 | D:8      | Noticed Grum
  8087 | D:8      | HP: 5/51 [Grum/+0 glaive (12)]
  8367 | D:8      | Killed Grum
  8367 | D:8      | Reached XP level 10. HP: 44/56 MP: 7/10
  8439 | D:8      | Reached * piety under the Shining One
  8451 | D:8      | Reached skill level 12 in Maces & Flails
  8685 | D:9      | Reached skill level 9 in Shields
  9154 | D:9      | Reached ** piety under the Shining One
  9154 | D:9      | Noticed a two-headed ogre
  9159 | D:9      | Noticed a cyclops
  9159 | D:9      | a two-headed ogre changed into a cyclops
  9167 | D:9      | Killed a cyclops
  9335 | D:9      | Reached XP level 11. HP: 60/60 MP: 11/11
  9552 | D:10     | Entered Level 10 of the Dungeon
  9639 | D:10     | Found an opulent altar of Gozag.
  9639 | D:10     | Noticed Erolcha
  9654 | D:10     | Killed Erolcha
 10574 | D:10     | Reached *** piety under the Shining One
 10634 | D:10     | Noticed a two-headed hydra
 10644 | D:10     | Killed a two-headed hydra
 10749 | D:11     | Found a staircase to the Lair.
 10890 | D:11     | Found Cone's Food Emporium.
 10928 | D:11     | Found Noeraj's Magic Scroll Shoppe.
 10953 | D:11     | Found Ogoiwot's Magic Scroll Boutique.
 10959 | D:11     | Bought a scroll of brand weapon for 220 gold pieces
 10959 | D:11     | Bought a scroll of fog for 22 gold pieces
 10959 | D:11     | Bought a scroll of enchant weapon for 82 gold pieces
 10959 | D:11     | Bought a scroll of identify for 22 gold pieces
 10959 | D:11     | Bought a scroll of teleportation for 33 gold pieces
 10959 | D:11     | Bought a scroll of remove curse for 33 gold pieces
 10977 | D:11     | Bought a scroll of identify for 30 gold pieces
 10977 | D:11     | Bought a scroll of identify for 30 gold pieces
 10977 | D:11     | Bought a scroll of identify for 30 gold pieces
 10977 | D:11     | Bought a scroll of identify for 30 gold pieces
 10977 | D:11     | Bought a scroll of identify for 30 gold pieces
 11172 | D:11     | Reached **** piety under the Shining One
 11173 | D:11     | Found Afrytiny's Weapon Shop.
 11291 | D:11     | Found Titoroim's Armour Emporium.
 11635 | Lair:1   | Entered Level 1 of the Lair of Beasts
 11730 | Lair:1   | Reached XP level 12. HP: 63/66 MP: 12/12
 12520 | Lair:2   | Found a frozen archway.
 12542 | IceCv    | Entered an ice cave
 12549 | IceCv    | Reached skill level 12 in Shields
 12603 | IceCv    | Found a transporter.
 12623 | IceCv    | Found a transporter.
 12637 | IceCv    | HP: 9/69 [white ugly thing (23)]
 12654 | IceCv    | Reached skill level 6 in Fighting
 12654 | IceCv    | Reached skill level 6 in Armour
 12659 | IceCv    | Identified Futeveeg's Reference Book on Gliding Moulding
 13621 | Lair:6   | Entered Level 6 of the Lair of Beasts
 13623 | Lair:6   | Reached ***** piety under the Shining One
 13624 | Lair:6   | Noticed a death yak
 13625 | Lair:6   | Noticed a death yak
 13625 | Lair:6   | Noticed a death yak
 13632 | Lair:6   | Noticed a death yak
 13637 | Lair:6   | Killed a death yak
 13644 | Lair:6   | Killed a death yak
 13665 | Lair:5   | Killed a death yak
 13962 | Lair:4   | Noticed a seven-headed hydra
 13969 | Lair:4   | Killed a seven-headed hydra
 14010 | Lair:4   | Found a staircase to the Shoals.
 14021 | Lair:4   | Reached XP level 13. HP: 47/78 MP: 9/13
 14030 | Lair:4   | Noticed Nergalle
 14041 | Lair:4   | Killed Nergalle
 14041 | Lair:4   | Reached skill level 1 in Invocations
 14783 | Lair:3   | Found a hole to the Spider Nest.
 14790 | Lair:3   | Reached skill level 3 in Invocations
 16789 | Lair:6   | Reached skill level 9 in Fighting
 16789 | Lair:6   | Reached skill level 9 in Armour
 16801 | Lair:6   | Noticed Josephine
 16815 | Lair:6   | Killed Josephine
 17232 | Lair:5   | Gained mutation: Your large and strong wings let you fly
                  | indefinitely. [Gargoyle growth]
 17232 | Lair:5   | Reached XP level 14. HP: 68/87 MP: 12/18
 17333 | Lair:5   | Reached skill level 6 in Invocations
 17593 | Lair:6   | Reached ****** piety under the Shining One
 17995 | Lair:6   | Identified the Tome of Calling
 18491 | D:12     | Noticed Nessos
 18566 | D:12     | Noticed Jorgrun
 18728 | D:12     | Killed Jorgrun
 18982 | D:12     | Found a glowing silver altar of Zin.
 19075 | D:12     | HP: 4/88 [Nessos/bolt of acid (17)]
 19075 | D:12     | Splashed by Nessos's acid

Levels and vault maps discovered:
D:1:      dpeg_arrival_prison, layout_loops_ring, minmay_crystal_water,
          minmay_unequal
D:2:      layout_loops_ring, nicolae_dithmenos_shadow_blocks, uniq_jessica,
          uniq_natasha, uniq_crazy_yiuf_cottage
D:3:      cheibrodos_fertilizer, layout_basic, first_ration
D:4:      layout_basic, tgw_sif, uniq_sigmund
D:5:      layout_basic, nicolae_ru_great_annihilating_truth, serial_glass,
          glass_columns_b, glass_columns_c, uniq_edmund, uniq_duvessa
D:6:      layout_loops_ring, xom_redecorated
D:7:      layout_rooms, kennysheep_mini_moat, minmay_temple_entry_arrows
D:8:      layout_basic, uniq_grum
D:9:      layout_roguey
D:10:     layout_basic, hangedman_ranch [blue_anna_fruit_fields],
          grunt_gozag_statues, uniq_erolcha
D:11:     layout_basic, due_lair_maze_entry_diamond, serial_shops, shop, shop,
          nicolae_shop_stone, nicolae_shop_crystal, shop
D:12:     layout_irregular_city, orc_0_dummy, serial_column_ruins,
          column_ruins_temple_hut, column_ruins_hut,
          column_ruins_corridor_straight, column_ruins_corridor_straight,
          column_ruins_columns_straight, column_ruins_open_tiny, minivault_15,
          chequers_serial_rivers_micro_b, serial_bayou_lagoon_a, uniq_jorgrun,
          uniq_nessos
Temple:   regret_index_temple_mists
Lair:1:   layout_cave_pods, beast_lair_carwin_3, grunt_megastairs_1,
          minmay_lair_oklob_chamber
Lair:2:   layout_chaotic_city, portal_ice_cave_entry_pillars_2
Lair:3:   layout_long_grid, spider_nest_entry_funnel_web, grunt_megastairs_5,
          infiniplex_staircase_pool_2, lemuel_fruit_tree
Lair:4:   layout_long_grid, minmay_shoals_entry_beasts, grunt_megastairs_3,
          uniq_nergalle
Lair:5:   layout_cave_pods, minmay_slime_entry_oklob_enclosed, dpeg_oklob_1
Lair:6:   minmay_lair_end_frog_pond, layout_loops_ring, serial_bayou_shore_a,
          uniq_josephine

Action                   |  1- 3 |  4- 6 |  7- 9 | 10-12 | 13-15 || total
-------------------------+-------+-------+-------+-------+-------++-------
Melee: Flail             |   141 |   247 |   484 |   380 |       ||  1252
       Morningstar       |       |       |       |   267 |   541 ||   808
Invok: Divine Shield     |       |       |       |     1 |       ||     1
 Abil: Fly               |       |       |       |       |     1 ||     1
Evoke: Wand              |       |     6 |     1 |     9 |     2 ||    18
       Lightning rod     |       |       |       |       |     4 ||     4
  Use: Scroll            |       |     6 |    14 |     8 |     4 ||    32
       Potion            |       |     1 |     4 |     8 |       ||    13
 Stab: Invisible         |       |       |     2 |       |       ||     2
       Paralysed         |       |       |     1 |       |       ||     1
  Eat: Chunk             |     1 |     5 |    15 |    14 |     6 ||    41
       Ration            |       |     1 |     1 |     3 |     3 ||     8
Armor: Scale mail        |    80 |    25 |       |       |       ||   105
       Chain mail        |       |    98 |   311 |   292 |   270 ||   971
Dodge: Dodged            |    43 |    40 |   115 |   120 |   125 ||   443
Block: Kite shield       |    90 |   108 |   328 |   396 |   335 ||  1257
